[Event "Schack-SM 2023: Veteran-SM 65+"]
[Site "Helsingborg Arena, Mellersta Stenbocksgatan 14, Helsingborg, Sweden"]
[Date "2023.07.06"]
[Round "6.6"]
[White "Ekelund, Kurt"]
[Black "Holst, Conny"]
[Result "0-1"]
[TimeControl "90 minutes for 40 moves + 30 minutes for the rest of games + 30 seconds per move from move one."]
[BlackTitle "FM"]
[WhiteElo "1952"]
[BlackElo "2156"]

1. e4 c5 2. Nf3 d6 3. d4 cxd4 4.
Nxd4 Nf6 5. Nc3 Nc6 6. Be2 g6 7. O-O Bg7 8. Nb3 O-O 9. Bg5 Be6 10. Kh1 Rc8 11. f4 Na5 12. e5 Nxb3 13.
axb3 dxe5 14. Qxd8 Rfxd8 15. Rxa7 Nd5 16. Nxd5 Bxd5 17. c4 Bc6 18. fxe5 Bxe5 19. Bf3 Bd4 20. Bxc6 Bxa7 21. Bxb7 Rb8 22.
Bd5 Rxd5 23. cxd5 f6 24. Bd2 Rxb3 25. Bc3 Bc5 26. g3 h5 27. Ra1 Bd6 28. Kg2 Kf7 29. Ra7 g5 30. h3 Rb5 31.
Ra5 Rxa5 32. Bxa5 g4 33. Bd2 Ke8 34. hxg4 hxg4 35. Kf2 Kd7 36. Be1 Bc5+ 37. Ke2 Kd6 38. b4 Bb6 0-1

[Event "Schack-SM 2023: Veteran-SM 50+"]
[Site "Helsingborg Arena, Mellersta Stenbocksgatan 14, Helsingborg, Sweden"]
[Date "2023.07.06"]
[Round "6.6"]
[White "Larsson, Erik 1969"]
[Black "Gamback, Bjorn"]
[Result "1/2-1/2"]
[TimeControl "90 minutes for 40 moves + 30 minutes for the rest of games + 30 seconds per move from move one."]
[BlackTitle "CM"]
[WhiteElo "1534"]
[BlackElo "2048"]

1. e4 c5 2. Nf3 d6 3. Bb5+ Nd7 4. c3 Ngf6 5. Qe2 a6 6. Ba4 b5 7. Bc2 Bb7 8. O-O e5 9. d4 Be7 10.
d5 Nb6 11. b3 h5 12. a4 bxa4 13. bxa4 h4 14. a5 Nbd7 15. h3 Nh5 16. Na3 g5 17. Nh2 Nf4 18. Bxf4 gxf4 19. Nc4 Kf8 20.
Ba4 Rb8 21. Rab1 f5 22. Rb2 fxe4 23. Bc6 Qc7 24. Rfb1 Bxc6 25. dxc6 Rxb2 26. Qxb2 Qxc6 27. Qb7 Qa4 28. Qxa6 Qa2 29.
Rd1 Qe2 30. Rxd6 e3 31. Ng4 Qe1+ 32. Kh2 exf2 33. Nxf2 Qxf2 34. Rxd7 Qg3+ 35. Kg1 Qe1+ 36. Kh2 1/2-1/2

[Event "Schack-SM 2023: Mastarklassen"]
[Site "Helsingborg Arena, Mellersta Stenbocksgatan 14, Helsingborg, Sweden"]
[Date "2023.07.06"]
[Round "6.9"]
[White "Carlstrom, Niklas"]
[Black "Troberg Eskola, Love"]
[Result "1-0"]
[TimeControl "90 minutes for 40 moves + 30 minutes for the rest of games + 30 seconds per move from move one."]
[WhiteElo "2125"]
[BlackElo "2038"]

1. e4 e5 2. Nf3 Nc6 3. Nc3 Nf6 4. d4 exd4 5. Nd5 Nxd5 6. exd5 Bb4+ 7. Bd2 Qe7+ 8. Be2 d3 9. cxd3 Bxd2+ 10. Qxd2 Nb4 11. O-O Nxd5 12. d4 O-O 13. Bc4 Nb6 14. Bd3 d5 15. Rae1 Qd6 16. Re3 Nc4 17. Bxc4 dxc4 18. Ne5 Be6 19.
Rg3 f6 20. Qh6 Qe7 21. Nf3 Kh8 22. Qh4 Rae8 23. Qe4 Qb4 24. Qc2 c6 25. h4 Bd5 26. h5 Be4 27. Qc1 h6 28. Nh4 Kh7 29.
Re1 Bd3 30. Rge3 Rxe3 31. Rxe3 Rd8 32. Rg3 Rxd4 33. Ng6 Be2 34. Qe3 Rd1+ 35. Kh2 Qe1 36. Nf8+ Kh8 37. Ng6+ Kh7 38. Nf8+ Kg8 39.
Qe6+ Kxf8 40. Re3 Qh1+ 41. Kg3 Rd8 42. Qe7+ Kg8 43. Qxd8+ Kh7 44. Rxe2 Qxh5 45. Qe8 Qg5+ 46. Kh2 Qf4+ 47.
g3 Qc1 48. Qe4+ Kh8 49. Qg6 1-0

[Event "Schack-SM 2023: Junior-SM"]
[Site "Helsingborg Arena, Mellersta Stenbocksgatan 14, Helsingborg, Sweden"]
[Date "2023.07.06"]
[Round "6.1"]
[White "Dingertz, Erik"]
[Black "Seo, Jung Hyun"]
[Result "0-1"]
[TimeControl "90 minutes for 40 moves + 30 minutes for the rest of the game + 30 seconds per move from move one."]
[WhiteElo "2090"]
[BlackElo "2124"]

1. c4 e6 2. g3 d5 3. Bg2 Nf6 4. d4 c6 5. Nf3 Nbd7 6. Nbd2 Be7 7. O-O a5 8. Qc2 b5 9. c5 e5 10.
Nxe5 Nxe5 11. dxe5 Nd7 12. e4 d4 13. e6 fxe6 14. e5 Ra6 15. Ne4 Nxe5 16. Bf4 Nf7 17. Rae1 O-O 18. Nd2 d3 19.
Qb3 Bxc5 20. Be4 a4 21. Qc3 Qd4 22. Qc1 Bb4 23. a3 Ba5 24. Nf3 Qf6 25. Bxd3 Bxe1 26. Qxe1 e5 27. Nxe5 Bf5 28.
Nxf7 Bxd3 29. Ne5 Bxf1 30. Nd7 Qf7 31. Nxf8 Bc4 32. Bd6 Ra8 33. Qe4 Rxf8 34. Bxf8 Qxf8 35. Qxc6 Qd8 36. h4 Qd1+ 37.
Kh2 Qd8 38. h5 Qf8 39. Kg1 h6 40. g4 Qe7 41. Kg2 Qe5 42. Kg1 Qe1+ 43. Kg2 Qf1+ 44. Kg3 Qg1+ 45. Kf4 Qxf2+ 46. Ke5 Qe3+ 0-1

[Event "Schack-SM 2023: Junior-SM"]
[Site "Helsingborg Arena, Mellersta Stenbocksgatan 14, Helsingborg, Sweden"]
[Date "2023.07.06"]
[Round "6.2"]
[White "Strom-Engdahl, Alexander"]
[Black "Persson, Sebastian 2007"]
[Result "1-0"]
[TimeControl "90 minutes for 40 moves + 30 minutes for the rest of the game + 30 seconds per move from move one."]
[WhiteElo "2120"]
[BlackElo "1947"]

1. e4 c6 2. d4 d5 3. exd5 cxd5 4. Bd3 Nc6 5. c3 Nf6 6. Bf4 Bg4 7. Qb3 Qc8 8. Nd2 e6 9. Ngf3 Be7 10.
O-O O-O 11. Rfe1 Nd7 12. Qc2 h5 13. h3 Bxf3 14. Nxf3 Qd8 15. Qe2 Re8 16. b4 Nf8 17. a4 Rc8 18. Qd2 Bf6 19. g4 hxg4 20.
hxg4 Nd7 21. Be5 Ncxe5 22. dxe5 Be7 23. g5 g6 24. Kg2 Qc7 25. Rac1 Kg7 26. Qf4 Rh8 27. Rh1 Rh5 28. Rxh5 gxh5 29.
c4 Bxb4 30. g6 f6 31. Rh1 Nxe5 32. Rxh5 Nxg6 33. Qh6+ Kf7 34. Qxg6+ 1-0

[ePGN "0.1;DGT LiveChess/2.2.5"]

[Event "Schack-SM 2023: Mastarklassen"]
[Site "Helsingborg Arena, Mellersta Stenbocksgatan 14, Helsingborg, Sweden"]
[Date "2023.07.06"]
[Round "6.1"]
[White "Jogstad, Daniel"]
[Black "Nygren, David"]
[Result "1-0"]
[TimeControl "90 minutes for 40 moves + 30 minutes for the rest of games + 30 seconds per move from move one."]
[WhiteTitle "CM"]
[WhiteElo "2131"]
[BlackElo "2157"]

1. d4 Nf6 2. c4 e6 3. g3 c5 4. d5 exd5 5. cxd5 d6 6. Bg2 g6 7. Nc3 Bg7 8. Nf3 O-O 9. O-O Re8 10.
Bf4 Ne4 11. Nxe4 Rxe4 12. Nd2 Rb4 13. a3 Rxf4 14. gxf4 Bxb2 15. Rb1 Bxa3 16. Ne4 Bf5 17. Rxb7 Bxe4 18. Bxe4 Bb4 19. Qa4 a6 20.
f5 Qc8 21. f6 Bc3 22. Re7 Kf8 23. Bf5 gxf5 24. Qh4 1-0

[Event "Schack-SM 2023: Mastarklassen-elit"]
[Site "Helsingborg Arena, Mellersta Stenbocksgatan 14, Helsingborg, Sweden"]
[Date "2023.07.05"]
[Round "5.5"]
[White "Wiedenkeller, Michael"]
[Black "Walinder, Lars"]
[Result "1-0"]
[TimeControl "90 minutes for 40 moves + 30 minutes for the rest of games + 30 seconds per move from move one."]
[WhiteTitle "IM"]
[BlackTitle "FM"]
[WhiteElo "2445"]
[BlackElo "2310"]

1. d4 e6 2. c4 Nf6 3. Nc3 Bb4 4. e3 c5 5. Bd3 Nc6 6. Nge2 cxd4 7. exd4 d5 8. cxd5 Nxd5 9. O-O O-O 10.
Bc2 Bd6 11. Ne4 b6 12. a3 Ba6 13. Re1 Rc8 14. N2c3 Nce7 15. Qh5 Ng6 16. Ng5 Nf6 17. Qh3 Re8 18. Be3 Bb7 19. Rac1 a6 20.
Red1 b5 21. Nce4 Bxe4 22. Bxe4 Nf8 23. Bb7 Rxc1 24. Rxc1 Nd5 25. Bc6 Re7 26. Bxd5 exd5 27. Rc8 Rxe3 28. Qxh7+ Nxh7 29. Rxd8+ Bf8 30.
fxe3 Nxg5 31. Ra8 Ne4 32. Rxa6 Be7 33. Rb6 Bg5 34. Rxb5 Bxe3+ 35. Kf1 Bxd4 36. a4 Kf8 37. a5 Ke7 38.
Rxd5 Bxb2 39. a6 Ke6 40. Rd1 1-0

[Event "Schack-SM 2023: Veteran-SM 65+"]
[Site "Helsingborg Arena, Mellersta Stenbocksgatan 14, Helsingborg, Sweden"]
[Date "2023.07.05"]
[Round "5.6"]
[White "Alfven, Jorgen"]
[Black "Sigeman, Johan"]
[Result "0-1"]
[TimeControl "90 minutes for 40 moves + 30 minutes for the rest of games + 30 seconds per move from move one."]
[WhiteElo "1726"]
[BlackElo "2052"]

1. d4 Nf6 2. c4 e6 3. Nc3 Bb4 4. Qc2 O-O 5. e3 c5 6. a3 cxd4 7. axb4 dxc3 8. bxc3 b6 9. Be2 Bb7 10.
Bf3 Bxf3 11. Nxf3 Qc7 12. Nd2 Nc6 13. f3 Ne5 14. O-O Nxc4 15. Nb3 d5 16. Nd4 Rfc8 17. e4 dxe4 18. fxe4 Ng4 19.
Rf4 Nce3 20. Bxe3 Nxe3 21. Qf2 Qxc3 22. Re1 Qxd4 23. Qxe3 Qxe3+ 24. Rxe3 Rc4 25. Ref3 f6 26. Rb3 e5 27.
Rff3 Rxe4 28. Rfc3 Rd8 29. Rc7 Re2 30. h3 Ra2 31. Rg3 g6 32. Rf3 f5 33. Re7 Rad2 34. Rc3 R2d7 35. Rxe5 Kf7 36.
Rc6 Re8 37. Rxe8 Kxe8 38. Rc8+ Kf7 39. Rh8 Kf6 40. Ra8 Ke5 41. Kf2 Kd4 42. Rc8 a5 43. bxa5 bxa5 44. Ra8 Rd5 45. h4 Ke4 46.
Ra7 Kf4 47. g3+ Kg4 48. Rxh7 Rd2+ 49. Ke3 Rg2 50. Kd4 Rxg3 51. Ra7 Kxh4 52. Rxa5 Kg4 53. Ke5 Kg5 54. Ke6 Rb3 55. Kf7 Rb6 56.
Rc5 Kg4 57. Rc1 f4 58. Rg1+ Kf5 0-1

[Event "Schack-SM 2023: Veteran-SM 50+"]
[Site "Helsingborg Arena, Mellersta Stenbocksgatan 14, Helsingborg, Sweden"]
[Date "2023.07.05"]
[Round "5.6"]
[White "Knudsen, Andre"]
[Black "Nurmi, Tommy"]
[Result "0-1"]
[TimeControl "90 minutes for 40 moves + 30 minutes for the rest of games + 30 seconds per move from move one."]
[WhiteElo "1842"]
[BlackElo "2010"]

1. d4 d5 2. Bf4 e6 3. e3 Bd6 4. Bg3 Nf6 5. Nd2 Nc6 6. Bb5 Bd7 7. Ngf3 Qe7 8. O-O O-O 9. c4 Bxg3 10.
hxg3 dxc4 11. e4 Qb4 12. Bxc4 Na5 13. Bd3 e5 14. Nxe5 Qxd4 15. Ndf3 Qxb2 16. Nxd7 Nxd7 17. Rb1 Qa3 18.
e5 Rfd8 19. Qc2 Nf8 20. Be4 Qe7 21. Rfe1 c5 22. Rb5 Nc6 23. Rxc5 Nd4 24. Qc3 Nxf3+ 25. gxf3 Rab8 26. Kg2 Ne6 27.
Rd5 Rxd5 28. Bxd5 Rd8 29. Be4 Ng5 30. Bc2 Qe6 31. Rh1 Rc8 32. Qd3 h6 33. f4 Qc6+ 34. Kh2 Qxc2 35. Qxc2 Rxc2 36.
fxg5 Rxf2+ 37. Kh3 Rxa2 38. gxh6 gxh6 39. Kg4 Kg7 40. Kf5 Ra5 41. Rc1 Ra6 42. Rc7 Rb6 43. e6 Rxe6 44. Rxb7 Rf6+ 45. Kg4 a6 46. Ra7 Kg6 47.
Ra8 Rb6 48. Rg8+ Kh7 49. Ra8 Kg7 50. Kh4 Rb4+ 51. Kh3 Ra4 52. g4 Ra1 53. Kg2 a5 54. Ra6 a4 55. Kh2 a3 56. Ra7 a2 57.
Ra6 f6 58. Kg2 Kf7 59. Kf2 Rh1 0-1

[ePGN "0.1;DGT LiveChess/2.2.5"]

[Event "Schack-SM 2023: Mastarklassen"]
[Site "Helsingborg Arena, Mellersta Stenbocksgatan 14, Helsingborg, Sweden"]
[Date "2023.07.05"]
[Round "5.1"]
[White "Nygren, David"]
[Black "Frisk, Ellinor"]
[Result "1-0"]
[TimeControl "90 minutes for 40 moves + 30 minutes for the rest of games + 30 seconds per move from move one."]
[BlackTitle "WIM"]
[WhiteElo "2157"]
[BlackElo "2178"]

1. e4 c5 2. c3 e5 3. Nf3 Nc6 4. Bc4 Be7 5. d3 Nf6 6. O-O O-O 7. Re1 d6 8. a4 Bd7 9. Nbd2 Qc8 10.
Nf1 Be6 11. Ng3 Na5 12. Bxe6 Qxe6 13. b4 cxb4 14. cxb4 Nc6 15. b5 Nd8 16. Ba3 g6 17. d4 Rc8 18. dxe5 Ne8 19. exd6 Bxd6 20.
Ng5 Qe7 21. Bxd6 Nxd6 22. e5 Nc4 23. f4 Ne6 24. Nxe6 Qxe6 25. Ne4 Rfd8 26. Qe2 Rd4 27. Qf2 Rcd8 28. Qh4 h5 29. Qg5 Qf5 30.
Nf6+ Kf8 31. Qxf5 gxf5 32. Nxh5 Rd2 33. e6 fxe6 34. Rxe6 Rc2 35. Rae1 Ra2 36. Rf6+ Kg8 37. h4 Rxa4 38.
Re7 Rd6 39. Rg7+ Kh8 40. Rf8# 1-0

[Event "Schack-SM 2023: Mastarklassen"]
[Site "Helsingborg Arena, Mellersta Stenbocksgatan 14, Helsingborg, Sweden"]
[Date "2023.07.05"]
[Round "5.2"]
[White "Cederstam, Carl"]
[Black "Lundin, Jan"]
[Result "0-1"]
[TimeControl "90 minutes for 40 moves + 30 minutes for the rest of games + 30 seconds per move from move one."]
[WhiteTitle "FM"]
[BlackTitle "FM"]
[WhiteElo "2196"]
[BlackElo "2203"]

1. Nf3 d6 2. e4 c5 3. d4 cxd4 4. Nxd4 Nf6 5. Nc3 e6 6. g4 h6 7. Rg1 Be7 8. Be3 d5 9. exd5 Nxd5 10.
Bb5+ Kf8 11. Nxd5 Qxd5 12. Qe2 e5 13. O-O-O exd4 14. Bxd4 Qe6 15. Qf3 Nc6 16. Rge1 Nxd4 17. Rxe6 Nxe6 18.
Qe4 g5 19. Qe5 Kg8 20. Bd3 Bf8 21. Be4 Bg7 22. Qb5 Bf6 23. a4 Kg7 24. a5 Nd4 25. Qc5 Rd8 26. Rh1 Re8 27. f3 b6 28.
Qd6 Be5 29. Qa3 Rb8 30. h4 gxh4 31. Rxh4 Bf6 32. Rh2 bxa5 33. Qe3 Rh8 34. g5 hxg5 35. Rxh8 Kxh8 36. c3 Nb3+ 37. Kc2 Be6 38.
f4 Rd8 39. Bd3 gxf4 40. Qxf4 Kg7 41. Qg3+ Kf8 42. Qf3 Ke7 43. Qe3 Kf8 44. Qf3 Bg7 45. Qe3 Rd7 46. Kb1 a4 47. Kc2 a3 48.
bxa3 Rc7 49. c4 Nd4+ 50. Kd2 Bxc4 51. Bxc4 Rxc4 52. Kd1 Rc7 53. Qg5 Ne6 54. Qb5 Bd4 55. Qh5 Rd7 56. Kc2 Ke7 57.
Qh4+ Kd6 58. Qh2+ Be5 59. Qh6 Rc7+ 60. Kd1 Rc3 61. Qh7 Rc7 62. Qd3+ Ke7 63. Qf5 Bf4 64. Qe4 f5 65. Qa4 Kf6 66.
Qa6 Be5 67. Ke2 Bd4 68. Qd6 Bc5 69. Qd2 Rh7 70. Kf1 Rh1+ 71. Kg2 Rg1+ 72. Kh2 Rg6 73. Qc3+ Bd4 74. Qc8 Kg5 75. Qc1+ Kf6 76.
Qc8 Rh6+ 77. Kg2 Kg5 78. Qg8+ Rg6 79. Qb8 Kh4+ 80. Kf3 Kg5 81. Qg3+ Kf6 82. Qb8 Bb6 83. Qh8+ Kg5 84. Kg3 f4+ 85.
Kf3 Kf5 86. Qh3+ Ke5 87. Qh8+ Rg7 88. Qh5+ Kd6 89. Ke4 Rg5 90. Qd1+ Bd4 91. Qb1 Re5+ 92. Kf3 Re3+ 93. Kg4 Bb6 94.
Qb4+ Ke5 95. Qb5+ Bc5 96. Qb8+ Ke4 97. Qb7+ Kd4 98. Qb2+ Kd5 99. Qb7+ Kd6 100. Qb8+ Ke7 101. Kf5 Nd4+ 102. Kg5 Rg3+ 103. Kh5 Ne6 104. a4 Kf7 105. Qb7+ Be7 106. Qc8 Rg5+ 0-1

[Event "Schack-SM 2023: Mastarklassen"]
[Site "Helsingborg Arena, Mellersta Stenbocksgatan 14, Helsingborg, Sweden"]
[Date "2023.07.05"]
[Round "5.3"]
[White "Nilsson, Patrik 1978"]
[Black "Soppela, Toni"]
[Result "1/2-1/2"]
[TimeControl "90 minutes for 40 moves + 30 minutes for the rest of games + 30 seconds per move from move one."]
[WhiteElo "2167"]
[BlackElo "2032"]

1. d4 Nf6 2. Bf4 d5 3. e3 c5 4. c3 Nc6 5. Nd2 Bg4 6. Ngf3 e6 7. Qb3 Qc8 8. h3 Bf5 9. c4 cxd4 10.
Nxd4 Nxd4 11. exd4 Be7 12. c5 O-O 13. Be2 Ne4 14. Nxe4 Bxe4 15. O-O g5 16. Bxg5 Bxg5 17. Qg3 Kh8 18.
Qxg5 f6 19. Qf4 Qe8 20. Bf3 e5 21. Qe3 exd4 22. Qxd4 Bxf3 23. gxf3 Qh5 24. Kh2 Qxf3 25. Rg1 Rae8 26. Rg3 Qf5 27.
Rag1 Re2 28. R1g2 a6 29. Rg5 Qf3 30. Rxd5 Rg8 31. Rxg8+ Kxg8 32. Rd8+ Kg7 33. Rd7+ Kg6 34. Qg4+ Qxg4 35.
hxg4 Rxf2+ 36. Kg3 Rxb2 37. a4 Rb3+ 38. Kh4 Rb4 39. Kg3 h5 40. gxh5+ Kxh5 41. Rh7+ Kg5 42. Rg7+ Kf5 43. Re7 Rb3+ 44.
Kf2 Kf4 45. Re6 Kf5 46. Re7 a5 47. c6 bxc6 48. Ra7 Kf4 49. Rxa5 Rb2+ 50. Kf1 Rc2 51. Ra8 f5 52. Rc8 Kf3 53.
Kg1 f4 54. a5 Rg2+ 55. Kf1 Ra2 56. Kg1 Rxa5 57. Rxc6 Ra1+ 58. Kh2 Re1 59. Rf6 Re2+ 60. Kg1 Rg2+ 61. Kf1 Ra2 62. Kg1 Ra1+ 63. Kh2 Ke3 64. Kg2 Ra2+ 65.
Kf1 Kf3 66. Kg1 Rg2+ 67. Kf1 Rh2 68. Kg1 Rh4 69. Ra6 Kg3 70. Rg6+ Rg4 71. Rxg4+ Kxg4 72. Kf2 1/2-1/2

[ePGN "0.1;DGT LiveChess/2.2.5"]

[Event "Schack-SM 2023: Junior-SM"]
[Site "Helsingborg Arena, Mellersta Stenbocksgatan 14, Helsingborg, Sweden"]
[Date "2023.07.05"]
[Round "5.1"]
[White "Persson, Sebastian 2007"]
[Black "Dingertz, Erik"]
[Result "0-1"]
[TimeControl "90 minutes for 40 moves + 30 minutes for the rest of the game + 30 seconds per move from move one."]
[WhiteElo "1947"]
[BlackElo "2090"]

1. d4 Nf6 2. Nf3 d5 3. c4 e6 4. Bg5 dxc4 5. e3 c5 6. Bxc4 Be7 7. O-O O-O 8. Nc3 cxd4 9. exd4 a6 10.
a4 Nc6 11. Rc1 Nb4 12. Qb3 Qa5 13. Ne4 Rd8 14. Nxf6+ gxf6 15. Bh4 Bd7 16. Ne5 Kf8 17. Ng4 Bxa4 18. Qg3 Qf5 19. Nxf6 Bxf6 20.
Bxf6 Qxf6 21. Qa3 Qe7 22. Qxa4 b5 23. Bxb5 axb5 24. Qxb5 Rd5 25. Rc5 Rxd4 26. Rfc1 Qd7 0-1

[Event "Schack-SM 2023: Mastarklassen"]
[Site "Helsingborg Arena, Mellersta Stenbocksgatan 14, Helsingborg, Sweden"]
[Date "2023.07.05"]
[Round "5.4"]
[White "Franzen, Per-Erik"]
[Black "Jogstad, Daniel"]
[Result "0-1"]
[TimeControl "90 minutes for 40 moves + 30 minutes for the rest of games + 30 seconds per move from move one."]
[BlackTitle "CM"]
[WhiteElo "2025"]
[BlackElo "2131"]

1. d4 d5 2. Nf3 Nf6 3. c4 c6 4. e3 e6 5. Bd3 Nbd7 6. O-O Bd6 7. Nc3 O-O 8. e4 dxe4 9. Nxe4 Nxe4 10.
Bxe4 Nf6 11. Bc2 c5 12. Bg5 Be7 13. Qd3 g6 14. Rad1 cxd4 15. Qe2 Qc7 16. Rxd4 b6 17. Rfd1 Bb7 18.
Ne5 Rfd8 19. Ba4 Rxd4 20. Rxd4 Qc5 21. Rd1 Rd8 22. Rxd8+ Bxd8 23. Qe3 Qb4 24. Bb3 Nd5 25. Qf3 Qe1# 26.
Qe3 Qb4 27. cxd5 Bxg5 28. Qc3 0-1

[Event "Schack-SM 2023: Junior-SM"]
[Site "Helsingborg Arena, Mellersta Stenbocksgatan 14, Helsingborg, Sweden"]
[Date "2023.07.05"]
[Round "5.2"]
[White "Seo, Jung Hyun"]
[Black "Falkevall, Axel"]
[Result "1/2-1/2"]
[TimeControl "90 minutes for 40 moves + 30 minutes for the rest of the game + 30 seconds per move from move one."]
[BlackTitle "FM"]
[WhiteElo "2124"]
[BlackElo "2311"]

1. e4 e5 2. Nf3 Nc6 3. d4 exd4 4. Nxd4 Nf6 5. Nxc6 bxc6 6. e5 Qe7 7. Qe2 Nd5 8. c4 Ba6 9. Nd2 g6 10.
Nf3 Qb4+ 11. Kd1 Ne7 12. Qd2 Qb6 13. h4 c5 14. h5 O-O-O 15. Kc2 d5 16. exd6 Nc6 17. Qc3 Bxd6 18. Bg5 f6 19.
Be3 Ne5 20. hxg6 hxg6 21. Rxh8 Rxh8 22. Nxe5 Bxe5 23. Qa3 Bb7 24. Rd1 Bd6 25. Bd3 f5 26. Qc3 Re8 27. Re1 Be5 28. Qa3 Bd4 29.
g3 Qb4 30. Qxb4 cxb4 31. Bd2 Rxe1 32. Bxe1 c5 33. g4 fxg4 34. Bxg6 Bf3 35. b3 Kd7 36. Kd3 Ke6 37. Be4 Ke5 38. Bh7 a5 39. Bg6 Bc6 40. Ke2 Bf3+ 41.
Kd3 Bc6 42. Ke2 Bf3+ 1/2-1/2

[Event "Schack-SM 2023: Mastarklassen"]
[Site "Helsingborg Arena, Mellersta Stenbocksgatan 14, Helsingborg, Sweden"]
[Date "2023.07.05"]
[Round "5.5"]
[White "Liden, Tommy"]
[Black "Mardell, Jimmy"]
[Result "0-1"]
[TimeControl "90 minutes for 40 moves + 30 minutes for the rest of games + 30 seconds per move from move one."]
[WhiteElo "2107"]
[BlackElo "2160"]

1. e4 c5 2. Nf3 e6 3. c3 Nf6 4. e5 Nd5 5. g3 d6 6. Bg2 Bd7 7. Na3 f6 8. Nc4 dxe5 9. Nfxe5 fxe5 10.
Qh5+ g6 11. Qxe5 Qf6 12. Qxf6 Nxf6 13. Bxb7 Bc6 14. Bxa8 Bxa8 15. O-O Nbd7 16. Re1 Kf7 17. d3 Be7 18. Bf4 Nb6 19. Ne5+ Kg7 20. Rad1 Rd8 21. f3 Bb7 22. Kf2 Nfd5 23. Bc1 g5 24. a3 Rf8 25. c4 Nc7 26. b3 Bf6 27. f4 Ne8 28. a4 Nd6 29. Ba3 gxf4 30. Bxc5 fxg3+ 31. Kxg3 Be7 32.
Kh3 h5 33. Rg1+ Kh7 34. Rdf1 Rf5 35. Bxd6 Bxd6 36. Rxf5 exf5 37. Nf7 Bc5 38. Rd1 Be3 39. d4 f4 40. Ne5 Be4 41. a5 Nc8 42.
d5 Nd6 43. b4 Bf2 44. c5 f3 45. Nxf3 Bxf3 46. Rf1 Ne4 47. Rxf2 Nxf2+ 48. Kg3 Bxd5 49. Kxf2 Bc6 50. Ke3 Kg6 51. Kd4 Kf6 52. a6 Bb5 53. Kd5 Ke7 54. c6 Bxa6 55. Kc5 Kd8 56. b5 Bc8 57.
Kd6 Bh3 58. Kc5 Kc7 0-1

[ePGN "0.1;DGT LiveChess/2.2.5"]

[Event "Schack-SM 2023: Sverigemastarklassen"]
[Site "Helsingborg Arena, Mellersta Stenbocksgatan 14, Helsingborg, Sweden"]
[Date "2023.07.05"]
[Round "5.1"]
[White "Kucuksari, Kaan"]
[Black "Ernst, Thomas"]
[Result "0-1"]
[TimeControl "90 minutes for 40 moves + 30 minutes for the rest of the game + 30 seconds per move from move one."]
[WhiteTitle "IM"]
[BlackTitle "GM"]
[WhiteElo "2512"]
[BlackElo "2288"]

1. d4 Nf6 2. c4 g6 3. g3 Bg7 4.
Bg2 O-O 5. Nc3 d6 6. Nf3 Nc6 7. O-O a6 8. b3 Rb8 9. d5 Na5 10. Bg5 c5 11. dxc6 bxc6 12. Qd2 Re8 13. Rad1 Qb6 14.
Nd4 Bd7 15. e4 Nb7 16. h3 Nc5 17. Be3 Qc7 18. Nde2 Ne6 19. f4 c5 20. g4 Bc6 21. f5 Nf8 22. Nf4 Qb7 23. Qc2 gxf5 24.
exf5 Bxg2 25. Nxg2 N6d7 26. Ne4 a5 27. g5 Be5 28. Nh4 a4 29. Qg2 axb3 30. axb3 Qxb3 31. Rde1 Qxc4 32. g6 Kh8 33.
Ng5 Qxh4 34. Nxf7+ Kg8 35. Nh6+ Kh8 36. Nf7+ Kg8 37. Nh6+ Kh8 38. g7+ Bxg7 39. Nf7+ Kg8 40. f6 Qxf6 41.
Rxf6 Nxf6 42. Nh6+ Kh8 43. Nf7+ Kg8 44. Nh6+ Kh8 45. Nf5 Ng6 46. Qa2 Rg8 47. Kh1 Nh5 48. Qe2 Nf6 49. Bg5 d5 50.
Qe6 Ne4 51. Be3 Rbd8 52. Rg1 Rgf8 53. Nxg7 Kxg7 54. Qxe7+ Kh8 55. Rxg6 hxg6 56. Bh6 Rf1+ 57. Kg2 Rf2+ 58. Kg1 Rg8 59.
Qe5+ Kh7 60. Qxd5 Rf5 61. Qb3 Rd8 62. Be3 Rd7 63. Qe6 Rd1+ 64. Kg2 Nd6 65. Qd7+ Rf7 66. Qa4 Rd5 67. Qc6 Rd3 68.
Qxc5 Nf5 69. Bf2 Rd2 70. Kg1 Rb7 71. Qc1 Rbb2 72. Be1 Rdc2 73. Qf4 Rb1 74. Qe5 Rcc1 75. Kf2 Rxe1 76. Qc7+ Re7 77.
Qa5 Re3 78. Qa7+ Kh6 79. Qa2 Reb3 80. Qd2+ Kh7 81. Qd7+ Ng7 82. Qd4 Rxh3 83. Kg2 Rbh1 84. Qd7 Kh6 85. Qd2+ Kh7 86. Qd7 R1h2+ 87. Kg1 Rh5 88. Qe7 Rb2 89. Qf6 Re2 90. Qa6 Rhe5 91. Qb7 Ra2 92. Qb1 Rea5 93. Qb7 Rg5+ 94. Kf1 Rc5 95. Qb1 Rd2 96.
Qe1 Rcc2 97. Qh4+ Kg8 98. Qe1 Nf5 99. Qe6+ Kg7 100. Qe5+ Kh7 101. Qe1 Ng3+ 0-1

[Event "Schack-SM 2023: Junior-SM"]
[Site "Helsingborg Arena, Mellersta Stenbocksgatan 14, Helsingborg, Sweden"]
[Date "2023.07.05"]
[Round "5.3"]
[White "Wernberg, Hugo"]
[Black "Strom-Engdahl, Alexander"]
[Result "1/2-1/2"]
[TimeControl "90 minutes for 40 moves + 30 minutes for the rest of the game + 30 seconds per move from move one."]
[WhiteTitle "FM"]
[WhiteElo "2217"]
[BlackElo "2120"]

1. d4 Nf6 2. c4 e6 3. Nf3 d5 4. g3 dxc4 5. Bg2 c5 6. O-O Nc6 7. Ne5 Bd7 8. Na3 cxd4 9. Naxc4 Be7 10.
Bf4 Rc8 11. Qb3 Nd5 12. Nxd7 Qxd7 13. Ne5 Nxe5 14. Bxe5 Bf6 15. Bxf6 Nxf6 16. Bxb7 Rc7 17. Bg2 O-O 18. a4 e5 19.
Rfd1 Rd8 20. Rd2 Qc8 21. Qd1 Qa6 22. b4 Qc4 23. Rb2 Nd5 24. Bxd5 Qxd5 1/2-1/2

[Event "Schack-SM 2023: Mastarklassen"]
[Site "Helsingborg Arena, Mellersta Stenbocksgatan 14, Helsingborg, Sweden"]
[Date "2023.07.05"]
[Round "5.6"]
[White "Muntean, Victor"]
[Black "Sundin, Emanuel"]
[Result "0-1"]
[TimeControl "90 minutes for 40 moves + 30 minutes for the rest of games + 30 seconds per move from move one."]
[WhiteElo "2097"]
[BlackElo "2103"]

1. e4 c6 2. c4 d5 3. cxd5 cxd5 4. exd5 Nf6 5. Qa4+ Nbd7 6. Nc3 g6 7. d4 Bg7 8. d6 exd6 9. Qb4 O-O 10.
Qxd6 Re8+ 11. Be2 Ne4 12. Nxe4 Rxe4 13. Be3 Qa5+ 14. Bd2 Qb5 15. Qa3 Bxd4 16. O-O-O Qc5+ 17. Qxc5 Nxc5 18. b4 Na4 19.
Bf3 Bb2+ 20. Kc2 Rc4+ 21. Kd3 Be6 22. Ke2 Re8 23. Kf1 Rd4 24. Be2 Red8 25. Nf3 R4d6 26. g4 Bxg4 27. Ng5 Bf5 28.
Bc4 Rxd2 29. Bxf7+ Kg7 30. Re1 h6 31. Bb3 hxg5 32. Bxa4 Bh3+ 33. Kg1 R8d4 0-1

[ePGN "0.1;DGT LiveChess/2.2.5"]

[Event "Schack-SM 2023: Veteran-SM 65+"]
[Site "Helsingborg Arena, Mellersta Stenbocksgatan 14, Helsingborg, Sweden"]
[Date "2023.07.05"]
[Round "5.1"]
[White "Malmdin, Nils-Ake"]
[Black "Ivarsson, Torbjorn"]
[Result "0-1"]
[TimeControl "90 minutes for 40 moves + 30 minutes for the rest of games + 30 seconds per move from move one."]
[WhiteTitle "FM"]
[WhiteElo "2091"]
[BlackElo "2073"]

1. e4 e6 2. d4 d5 3. Nc3 Nf6 4. exd5 exd5 5. Bg5 Be7 6. Qd2 Bf5 7. f3 h6 8. Bf4 c6 9. O-O-O Na6 10.
g4 Bg6 11. Bd3 Bxd3 12. Qxd3 Qd7 13. h4 O-O-O 14. Nh3 Ne8 15. g5 Nd6 16. Rde1 Rde8 17. a3 Nc7 18. gxh6 gxh6 19. h5 Nf5 20. Re5 Nd6 21. Na4 Ne6 22.
Bd2 Bf6 23. Nc5 Nxc5 24. Rxe8+ Rxe8 25. dxc5 Nc4 26. c3 Ne5 27. Qc2 Nxf3 28. Bxh6 Rh8 29. Bf4 Rxh5 30. Qg2 Ne5 31. Qg8+ Qd8 32.
Qg3 Qh8 33. Kb1 Qh7+ 34. Ka1 Qg6 35. Rg1 Qxg3 36. Rxg3 Ng6 37. Be3 Rf5 38. Nf2 Bh4 39. Rg2 Rf3 40. Bd4 Kd8 41. Ka2 Bxf2 42. Bxf2 Kd7 43. Bd4 Rf4 44.
a4 Re4 45. Ka3 Ke6 46. Rh2 Ke7 47. Rg2 Nf8 48. Bg1 Rh4 49. Re2+ Ne6 50. Bh2 f5 51. Bd6+ Kf6 52. Be5+ Kf7 53.
Bd6 f4 54. Rf2 Kf6 55. b4 Kf5 56. b5 Rh3 57. bxc6 bxc6 58. Kb4 f3 59. Bb8 Ke4 60. Bxa7 Rh1 61. Bb8 Rb1+ 0-1

[ePGN "0.1;DGT LiveChess/2.2.5"]